 Dungeon Crawl Stone Soup version 0.20.1-1-g8b1a95d (webtiles) character file.

2840 galech the Grappler (level 9, -13/82 (83) HPs)
             Began as a Troll Monk on Aug 31, 2017.
             Was an Elder of Okawaru.
             Killed by the air
             ... invoked by Gastronok
              (34 damage)
             ... on level 8 of the Dungeon.
             The game lasted 00:09:24 (6664 turns).

galech the Grappler (Troll Monk)                    Turns: 6664, Time: 00:09:25

HP:   -13/82 (83)   AC:  8    Str: 24    XL:     9   Next: 46%
MP:   6/8           EV: 15    Int:  6    God:    Okawaru [****..]
Gold: 470           SH:  4    Dex: 12    Spells: 8/8 levels left

rFire    + . .     SeeInvis .     - Unarmed
rCold    . . .     Gourm    +   (no shield)
rNeg     . . .     Faith    .   E - +2 robe {rF+}
rPois    .         Spirit   .   (helmet restricted)
rElec    .         Reflect  +   I - +0 cloak
rCorr    .         Harm     .   (gloves unavailable)
MR       .....                  (boots unavailable)
Stlth    ++++......             n - +4 amulet of reflection
Regen    0.7/turn               y - +6 ring of slaying
MPRegen  0.2/turn               (no ring)

@: heroism
A: unfitting armour, claws 3, fast metabolism 3, gourmand, regeneration 1,
shaggy fur 1, tough skin 2
a: Heroism, Renounce Religion


You were on level 8 of the Dungeon.
You worshipped Okawaru.
Okawaru was greatly pleased with you.
You were completely stuffed.

You visited 2 branches of the dungeon, and saw 9 of its levels.
You also visited: Sewer.

You collected 470 gold pieces.

Inventory:

Armour
 E - a +2 robe of fire resistance (worn)
 I - a +0 cloak (worn)
Jewellery
 n - a +4 amulet of reflection (around neck)
 y - a +6 ring of slaying (left claw)
Wands
 u - a wand of confusion (31/48)
 C - a wand of digging (16/24)
 D - a wand of paralysis (4/24)
 G - a wand of clouds (5/9)
 H - a wand of disintegration (10/24)
Scrolls
 c - 4 scrolls of recharging
 d - 4 scrolls of teleportation
 e - 2 scrolls of enchant weapon
 f - a scroll of noise {unknown}
 g - 3 scrolls of identify
 i - a scroll of blinking {unknown}
 j - 2 scrolls of fear
 m - 3 scrolls of magic mapping {unknown}
 o - 2 scrolls of amnesia {unknown}
 q - 2 scrolls of remove curse
 s - a scroll of fog {unknown}
 v - a scroll of random uselessness {unknown}
 A - 2 scrolls of enchant armour
 F - a scroll of immolation {unknown}
Potions
 a - a potion of invisibility {unknown}
 h - 6 potions of curing
 l - 4 potions of might {unknown}
 r - a potion of lignification {unknown}
 t - a potion of haste {unknown}
 x - 2 potions of agility {unknown}
 z - 2 potions of brilliance {unknown}
Books
 w - a book of Maledictions

   Spells                             Type                      Level
   a - Corona                         Hexes                        1
   b - Ensorcelled Hibernation        Hexes/Ice                    2
   c - Confuse                        Hexes                        3
   d - Tukima's Dance                 Hexes                        3
   e - Dazzling Spray                 Conjuration/Hexes            3
Comestibles
 b - 6 bread rations
 k - 3 meat rations
 p - 3 royal jellies
 B - 7 fruits


   Skills:
 + Level 3.5(8.5) Fighting
 + Level 5.3(10.3) Dodging
 + Level 3.5(8.5) Stealth
 + Level 10.4(15.4) Unarmed Combat


You had 8 spell levels left.
You didn't know any spells.

Dungeon Overview and Level Annotations

Branches:
Dungeon (8/15)             Temple (1/1) D:5
   Lair: D:8-11

Altars:
Ashenzari
Elyvilon
Gozag
Makhleb
Okawaru
Qazlal
Ru
Trog
Zin

Annotations:
D:8 Gastronok


Innate Abilities, Weirdness & Mutations

You are too large for most types of armour.
You have claws for hands.
Your metabolism is lightning-fast.
You like to eat raw meat.
Your natural rate of healing is unusually fast.
You are covered in fur. (AC +1)
You have very tough skin. (AC +2)


Message History

You claw Gastronok!
Gastronok is lightly wounded.
You scratch Gastronok but do no damage.
Gastronok is lightly wounded.
You eviscerate Gastronok!!!
Gastronok is heavily wounded.
You hear a bark!
You hear a shout! x2; You hear a bark!
The iguana misses you. Gastronok bites you but does no damage.
You mangle Gastronok!!
Gastronok is severely wounded.
The two-headed ogre hits you with a giant spiked club!
The two-headed ogre hits you with a giant club!!
* * * LOW HITPOINT WARNING * * *
The iguana barely misses you.
You are too injured to fight recklessly!
You are too injured to fight recklessly!
Gastronok's eyestalks wobble, almost dislodging his wizard hat.
Gastronok waves his eye-stalks in wide circles.
The air twists around and strikes you!
You die...

........#.###.....###.#
#......$#...........#.#
#.................#.#.#
........######.#.#...#
#......######.#.#####
#.............#.#
#..w........#.#####
#O...............
#@#######.#.#....
#.#.........#.# ..
#.........#.# #
.............#.#
##.########.##.#
#.......)...#.#
############.# ..# ##


You could see Gastronok and a two-headed ogre.

Vanquished Creatures
  Pikel (D:7)
  Maurice (D:8)
  Menkaure (D:7)
  A slave (D:7)
  A necrophage (D:7)
  2 ice beasts
  An ogre (D:8)
  A phantom (D:5)
  A centaur (D:7)
  2 bullfrogs
  4 big kobolds (Sewer)
  3 crimson imps
  2 jellies
  2 orc priests
  Crazy Yiuf (D:7)
  3 hounds
  2 orc wizards
  A centaur skeleton (D:7)
  3 bullfrog skeletons
  5 worker ants
  Natasha (thrice) (D:2)
  A killer bee zombie (D:5)
  2 gnolls (D:6)
  A howler monkey skeleton (D:4)
  8 adders
  2 river rats (Sewer)
  2 shadow imps
  6 oozes
  An adder skeleton (D:6)
  An adder zombie (D:6)
  7 worms
  3 dart slugs
  2 leopard geckos
  7 orcs
  6 ball pythons
  4 giant cockroaches
  11 hobgoblins
  9 jackals
  13 kobolds
  3 quokkas
  14 bats
  3 frilled lizards
  10 goblins
  A jackal zombie (D:3)
  19 rats
177 creatures vanquished.

Vanquished Creatures (others)
  A crimson imp (D:7)
  A howler monkey skeleton (D:7)
  A ball python (D:7)
3 creatures vanquished.

Grand Total: 180 creatures vanquished

Notes
Turn   | Place    | Note
-------+----------+-------------------------------------------
     0 | D:1      | galech the Troll Monk began the quest for the Orb.
     0 | D:1      | Reached XP level 1. HP: 22/22 MP: 0/0
    32 | D:1      | Reached XP level 2. HP: 23/29 MP: 1/1
   681 | D:1      | Reached XP level 3. HP: 31/36 MP: 2/2
  1034 | D:2      | Reached skill level 4 in Unarmed Combat
  1113 | D:2      | Noticed Natasha
  1137 | D:2      | Killed Natasha
  1137 | D:2      | Reached XP level 4. HP: 26/44 MP: 3/3
  1405 | D:2      | Noticed Natasha
  1417 | D:2      | Killed Natasha
  1639 | D:2      | Noticed Natasha
  1645 | D:2      | Killed Natasha
  1645 | D:2      | Reached XP level 5. HP: 31/52 MP: 4/4
  1843 | D:3      | Reached skill level 5 in Unarmed Combat
  2723 | D:3      | Reached XP level 6. HP: 51/59 MP: 5/5
  2879 | D:4      | Found a glowing drain.
  2891 | Sewer    | Entered a sewer
  2941 | Sewer    | Reached skill level 6 in Unarmed Combat
  3284 | Sewer    | Reached XP level 7. HP: 58/67 MP: 6/6
  3533 | D:4      | Reached skill level 7 in Unarmed Combat
  3977 | D:5      | Entered Level 5 of the Dungeon
  4005 | D:5      | Found a staircase to the Ecumenical Temple.
  4172 | Temple   | Entered the Ecumenical Temple
  4194 | Temple   | Became a worshipper of Warmaster Okawaru
  4194 | Temple   | Reached * piety under Okawaru
  4194 | Temple   | Reached ** piety under Okawaru
  4320 | D:5      | Reached XP level 8. HP: 70/75 MP: 7/7
  4575 | D:5      | Reached skill level 8 in Unarmed Combat
  5902 | D:7      | Reached skill level 9 in Unarmed Combat
  5916 | D:7      | Noticed Menkaure
  5925 | D:7      | Killed Menkaure
  5935 | D:7      | Noticed Pikel
  5939 | D:7      | Paralysed by Pikel for 3 turns
  5946 | D:7      | Killed Pikel
  5946 | D:7      | Reached *** piety under Okawaru
  5946 | D:7      | Reached skill level 5 in Dodging
  5946 | D:7      | Reached XP level 9. HP: 69/83 MP: 8/8
  6381 | D:7      | Found a runed door.
  6385 | D:7      | Noticed Crazy Yiuf
  6390 | D:7      | Killed Crazy Yiuf
  6390 | D:7      | Reached skill level 10 in Unarmed Combat
  6475 | D:8      | Noticed Maurice
  6487 | D:8      | Killed Maurice
  6487 | D:8      | Reached **** piety under Okawaru
  6654 | D:8      | Noticed Gastronok
  6656 | D:8      | Noticed a two-headed ogre
  6664 | D:8      | Killed from afar by Gastronok

Skill      XL: |  1  2  3  4  5  6  7  8  9 |
---------------+----------------------------+-----
Unarmed Combat | 4 5 6 7 9 10 | 10.4
Dodging        | 3 4 5 |  5.3
Fighting       | 3 |  3.5
Stealth        | 2 3 |  3.5

Action                   |  1- 3 |  4- 6 |  7- 9 || total
-------------------------+-------+-------+-------++-------
Melee: Unarmed           |   104 |   193 |   193 ||   490
       Punch             |     3 |     1 |     8 ||    12
Invok: Heroism           |       |       |     1 ||     1
  Use: Scroll            |       |       |     6 ||     6
 Stab: Sleeping          |       |     4 |     7 ||    11
       Distracted        |       |       |     1 ||     1
  Eat: Chunk             |    16 |    21 |    31 ||    68
Armor: Robe              |    36 |    74 |    45 ||   155
Dodge: Dodged            |    53 |    96 |    79 ||   228
Block: Other             |       |       |    15 ||    15
       Reflection        |       |       |     1 ||     1
